 Dungeon Crawl Stone Soup version 0.29.1-13-g9f3cf754e1 (webtiles) character file.

Game seed: 13428265074779541154

67 KyoPewz the Ducker (level 3, -3/15 HPs)
             Began as a Felid Transmuter on Feb 10, 2023.
             Slain by a river rat (9 damage)
             ... in a sewer.
             The game lasted 00:14:37 (3161 turns).

KyoPewz the Ducker (Felid Transmuter)               Turns: 3161, Time: 00:14:37

Health: -3/15      AC:  1    Str:  6    XL:     3   Next: 98%
Magic:  5/7        EV: 18    Int: 16    God:
Gold:   35         SH:  0    Dex: 16    Spells: 0/6 levels left
                                        Lives:  0   Deaths: 1

rFire   . . .      SeeInvis +     - Unarmed
rCold   . . .      Faith    .   (shield unavailable)
rNeg    . . .      Spirit   .   (body armour unavailable)
rPois   .          Reflect  .   (helmet unavailable)
rElec   .          Harm     .   (cloak unavailable)
rCorr   .          Rampage  .   (gloves unavailable)
Will    .....                   (boots unavailable)
Stlth   +++.......              (no amulet)
HPRegen 0.05/turn               (no ring)
MPRegen 0.10/turn               (no ring)

@: lethally poisoned (-3 -> -5), appendages (expiring), wereblooded, quick
A: horns 2, very small, claws 1, fangs 3, see invisible, speed 1, shaggy fur 1,
stealthy paws, no weapons or thrown items, no armour, multi-lived
a: End Transformation


You were in a sewer.
You had temporarily grown beastly horns.
You visited 1 branch of the dungeon, and saw 3 of its levels.
You also visited: Sewer.

You collected 35 gold pieces.

Inventory:

Scrolls
 e - a scroll of magic mapping {unknown}
 f - a scroll of immolation {unknown}
 g - a scroll of brand weapon {unknown}
 h - a scroll of identify {unknown}
 i - a scroll of acquirement {unknown}
Potions
 a - a potion of flight {unknown}
 b - a potion of heal wounds
 c - a potion of invisibility {unknown}
 d - a potion of curing {unknown}


   Skills:
 - Level 1.2 Fighting
 + Level 3.7 Dodging
 * Level 3.5 Stealth
 + Level 3.6 Unarmed Combat
 - Level 2.1 Spellcasting
 + Level 2.7 Transmutations
 + Level 1.0 Poison Magic


You couldn't memorise any spells.
You knew the following spells:

 Your Spells              Type           Power      Damage    Failure   Level
a - Beastly Appendage     Tmut           20%        N/A       7%          1
b - Wereblood             Tmut           10%        N/A       10%         2
c - Spider Form           Tmut/Pois      7%         N/A       28%         3

Your spell library contained the following spells:

 Spells                   Type           Power      Damage    Failure   Level
 Shock                    Conj/Air       4%         1d3       21%         1
 Swiftness                Air            1%         N/A       52%         3
 Ice Form                 Ice/Tmut       6%         N/A       75%         4
 Airstrike                Air            0%         2d(1-17)  90%         4


Dungeon Overview and Level Annotations

Branches:
Dungeon (3/15)              Sewer (1/1)

Altars:


Innate Abilities, Weirdness & Mutations

You have temporarily grown beastly horns.
You have sharp claws.
You have razor-sharp teeth.
You have supernaturally acute eyesight. (SInv)
You cover ground quickly. (Speed+)
You are covered in fur. (AC +1)
Your paws help you pounce on unaware monsters.
You are incapable of wielding weapons or throwing items.
You cannot wear armour.
You gain extra lives every three experience levels.


Message History

An adder comes into view.
Casting: Beastly Appendage (safe; 7% risk of failure)
Confirm with . or Enter, or press ? or * to list all spells.
You grow a pair of large bovine horns.
The adder closely misses you.
Press: ? - help, v - describe, . - travel
Here: an adder Some shallow water.
You scratch the adder. You headbutt the adder.
You kill the adder!
A river rat comes into view.
You see here a rat corpse.
Casting: Beastly Appendage (safe; 7% risk of failure)
Confirm with . or Enter, or press ? or * to list all spells.
Your blood is infused with primal strength.
Your transformation is almost over.
The adder completely misses you.
A rat comes into view.
You scratch the adder.
The adder is lightly wounded.
The adder bites you.
You are poisoned.
The adder poisons you!
You barely miss the adder.
The adder is lightly wounded.
You feel sick. The adder completely misses you.
You claw the adder! You headbutt the adder.
You bite the adder, but do no damage.
The adder is severely wounded.
You feel sick. The adder misses you. The adder barely misses you.
You barely miss the adder. Your headbutt misses the adder.
The adder is severely wounded.
You feel sick. The adder closely misses you.
You closely miss the adder.
The adder is severely wounded.
You feel sick. The adder misses you.
You scratch the adder but do no damage.
The adder is severely wounded.
You feel sick. The adder completely misses you. The river rat bites you!
Ouch! That really hurt!
You die...

..†##### ....'..# ....#..#
#...####
#....####################
#......~≈≈≈~~~≈~≈≈≈≈≈~..###
#.....~~≈≈~~~~~..≈≈~~~....##
#.....~~≈~~~~~.(~S≈~~~.....#
##.....~~~~~~~..@S~~r~~....#
##...~~~~~~≈≈~~~r†~~~.....#
###.#~~~~≈≈≈#≈≈~~~≈~......
####################.... .S.
.r .


You could see an adder, a river rat, a ball python and a rat.

Vanquished Creatures
  3 adders
  2 river rats (Sewer)
  A worm (D:2)
  2 dart slugs
  2 bats
  7 endoplasms
  2 giant cockroaches
  5 goblins
  9 hobgoblins
  6 quokkas
  5 ball pythons
  4 frilled lizards
  2 kobolds (D:1)
  19 rats
69 creatures vanquished.

Vanquished Creatures (others)
  5 toadstools (D:1)
5 creatures vanquished.

Grand Total: 74 creatures vanquished

Notes
Turn   | Place    | Note
-------+----------+-------------------------------------------
     0 | D:1      | KyoPewz the Felid Transmuter began the quest for the Orb.
     0 | D:1      | Reached XP level 1. HP: 9/9 MP: 4/4
   477 | D:1      | Reached XP level 2. HP: 11/12 MP: 6/6
   587 | D:1      | Learned a level 2 spell: Wereblood
   657 | D:1      | Reached skill level 1 in Stealth
  1382 | D:1      | Reached XP level 3. HP: 15/15 MP: 5/7
  1505 | D:1      | Learned a level 3 spell: Spider Form
  2234 | D:3      | Found a glowing drain.
  2264 | D:3      | Reached XP level 4. HP: 14/19 MP: 6/8
  2586 | Sewer    | Entered a sewer
  3019 | Sewer    | Mangled by a river rat
  3020 | Sewer    | Reached XP level 3. HP: -8/15 MP: 6/7
  3034 | Sewer    | Reached skill level 1 in Poison Magic
  3161 | Sewer    | Slain by a river rat

Illustrated notes

Levels and vault maps discovered:
D:1:      ldierk_walled_garden, layout_basic
D:2:      layout_loops_ring
D:3:      minmay_chambers_of_threes, layout_loops_cross,
          mainiacjoe_overflow_24_doors, portal_sewer_entry_f,
          nicolae_kite_square_tiling_tiny, minmay_fractal_squares_5
Sewer:    sewer_minmay_w

Skill      XL: |  1  2  3  4 |
---------------+-------------+-----
Stealth        | 1 2 3 |  3.5
Dodging        | 3 |  3.7
Poison Magic   | 1 |  1.0
Fighting       | |  1.2
Unarmed Combat | |  3.6
Spellcasting   | |  2.1
Transmutations | |  2.7

Action                   |  1- 3 |  4- 6 || total
-------------------------+-------+-------++-------
Melee: Unarmed           |   136 |    64 ||   200
       Headbutt          |    20 |     5 ||    25
       Bite              |     7 |     9 ||    16
       Punch             |     3 |     1 ||     4
 Cast: Beastly Appendage |    36 |     8 ||    44
       Wereblood         |     1 |     1 ||     2
  Use: Potion            |       |     2 ||     2
 Stab: Sleeping          |     4 |       ||     4
Armor: Skin              |     6 |     7 ||    13
Dodge: Dodged            |    92 |    40 ||   132
